 Dungeon Crawl Stone Soup version 0.16-a0-1276-g18860b1 (webtiles) character file.

5167 PolkaDot the Transmogrifier (level 10, -1/83 HPs)
             Began as a Black Draconian Transmuter on Oct 14, 2014.
             Was a Believer of Fedhas.
             Impaled on a porcupine's spines (4 damage)
             ... on level 9 of the Dungeon.
             The game lasted 00:33:33 (10087 turns).

PolkaDot the Transmogrifier (DrTm)                 Turns: 10087, Time: 00:33:33

Health: -1/83      AC:  7    Str: 13    XL:     10   Next: 34%
Magic:  9/18       EV: 12    Int: 15    God:    Fedhas [**....]
Gold:   344        SH:  0    Dex: 13    Spells: 2 memorised, 7 levels left

rFire  . . .     SeeInvis .       - Unarmed
rCold  . . .     Clarity  .     (armour unavailable)
rNeg   . . .     SustAb   .     (shield currently unavailable)
rPois  .         Gourm    .     (helmet restricted)
rElec  +         Spirit   .     (no cloak)
rCorr  .         Warding  .     K - melded +2 pair of gloves {Str+3}
rMut   .         Stasis   .     (no boots)
MR     .....                    (no amulet)
Stlth  +.........               E - ring of wizardry
                                (no ring)

@: blade hands, not resistant to hostile enchantments, very unstealthy
A: breathe lightning, unfitting armour, electricity resistance, cold-blooded, AC
+7
a: Breathe Lightning, End Transformation, Evolution, Sunlight, Renounce Religion


You were on level 9 of the Dungeon.
You worshipped Fedhas.
Fedhas was pleased with you.
You were not hungry.
You had blades for hands.
You visited 1 branch of the dungeon, and saw 9 of its levels.

You collected 479 gold pieces.
You spent 135 gold pieces at shops.

Inventory:

Hand weapons
 a - the +6 hand axe "Frutagh" {flame, rPois}
   (You found it on level 7 of the Dungeon)

   It emits flame when wielded, causing extra injury to most foes and up to
   double damage against particularly susceptible opponents.
   Big, fiery blades are also staple armaments of hydra-hunters.
   It protects you from poison.
Missiles
 b - 100 arrows
 f - 2 throwing nets (quivered)
 G - 13 arrows of frost
Armour
 K - a +2 pair of gloves of strength (melded)
Jewellery
 l - an uncursed amulet of resist mutation {unknown}
 x - an uncursed ring of ice
 E - a ring of wizardry (right scythe-like blade)
Magical devices
 B - a wand of slowing (28)
 H - a wand of digging (14)
Scrolls
 e - a scroll of noise {unknown}
 h - a scroll of enchant armour {unknown}
 i - a scroll of fog {unknown}
 m - 7 scrolls of remove curse
 q - a scroll of amnesia
 t - a scroll of recharging
 v - a scroll of summoning {unknown}
 w - 3 scrolls of teleportation
 y - a scroll of random uselessness {unknown}
 z - a scroll of torment
 C - a scroll of fear {unknown}
 F - 2 scrolls of silence {unknown}
Potions
 c - a potion of cure mutation {!q}
 d - a potion of mutation {unknown}
 g - a potion of haste {unknown}
 j - a potion of magic
 o - a potion of restore abilities {unknown}
 r - 2 potions of resistance
 u - a potion of beneficial mutation {unknown}
 J - a potion of agility {unknown}
Books
 D - a book of Minor Magic

   Spells                             Type                      Level
   Magic Dart                         Conjuration                  1
   Blink                              Translocation                2
   Call Imp                           Summoning                    2
   Repel Missiles                     Charms/Air                   2
   Slow                               Hexes                        2
   Conjure Flame                      Conjuration/Fire             3
   Mephitic Cloud                     Conjuration/Poison/Air       3
Comestibles
 k - 2 meat rations
 n - a beef jerky
 p - 2 bread rations
 s - a royal jelly


   Skills:
 + Level 6.0 Fighting
 - Level 1.7 Dodging
 + Level 9.0 Unarmed Combat
 - Level 2.0 Spellcasting
 * Level 10.4 Transmutations
 - Level 5.7 Invocations


You had 7 spell levels left.
You knew the following spells:

 Your Spells              Type           Power        Failure   Level  Hunger
a - Beastly Appendage     Trmt           ####..       4%          1    #......
b - Blade Hands           Trmt           ####......   22%         5    ######.


Dungeon Overview and Level Annotations

Branches:
Dungeon (9/15)             Temple (0/1) D:6
    Orc: D:9-12        Lair: D:8-11

Altars:
Cheibriados
Fedhas
Makhleb
Okawaru
Xom
Yredelemnul
Zin

Shops:
D:7 [


Innate Abilities, Weirdness & Mutations

You can breathe wild blasts of lightning.
Your glossy black scales are hard (AC +7).
Your body does not fit into most forms of armour.
You are resistant to electric shocks.
Your cold-blooded metabolism reacts poorly to cold.


Message History

The yak is engulfed in a cloud of spores!
The yak appears confused.
The porcupine bites you.
* * * LOW HITPOINT WARNING * * *
You hit the porcupine.
Your tail-slap misses the porcupine.
The porcupine is severely wounded.
The yak barely misses the crocodile.
Your wandering mushroom releases spores at the yak!
The yak dies!
The porcupine misses you.
You are struck by the porcupine's spines.
* * * LOW HITPOINT WARNING * * *
You barely miss the porcupine.
Your tail-slap misses the porcupine.
The porcupine is severely wounded.
The crocodile bites your wandering mushroom!!
Your wandering mushroom releases spores at the crocodile!
The crocodile is engulfed in a cloud of spores!
The crocodile appears confused.
You are struck by the porcupine's spines.
You die...
Fedhas appreciates your contribution to the ecosystem.

###.##..........
##...#........#
###......#..%...#
#......##K.<....#
##....##.Y.......#
.........Y##......#
..........##.(....#
.#......)###r###....
#.##.##rtf@.# .... #
#..###f# .. #.## #.#
. ... #.. .... ....
#.... ..<. ....
..... . . .... .


You could see a crocodile (confused), 2 porcupines and 2 friendly wandering
mushrooms.

Vanquished Creatures
  Erolcha (D:8)
  A hill giant (D:7)
  The ghost of Nicoed the Conjurer, an experienced DECj of Vehumet (D:8)
  A gargoyle (D:8)
  3 yaks (D:9)
  Eustachio (D:8)
  2 orc warriors
  2 porcupines (D:9)
  A black bear (D:7)
  An ogre (D:8)
  2 phantoms
  7 giant frogs
  3 centaurs
  2 scorpions
  3 killer bees (D:8)
  A wandering mushroom (D:7)
  A yak skeleton (D:8)
  2 crimson imps
  A centaur zombie (D:7)
  A giant frog zombie (D:8)
  7 hounds
  3 jellies
  3 orc priests
  A giant frog skeleton (D:6)
  4 iguanas
  2 orc wizards (D:7)
  2 worker ants (D:6)
  6 adders
  A steam dragon skeleton (D:7)
  6 gnolls
  2 shadow imps
  3 giant mites
  3 worms
  8 giant geckos
  2 oozes
  29 orcs
  A ball python (D:2)
  12 bats
  A bat skeleton (D:4)
  A bat zombie (D:5)
  13 goblins
  24 hobgoblins
  6 quokkas
  4 giant cockroaches
  A giant gecko zombie (D:6)
  10 giant newts
  14 jackals
  20 kobolds
  A kobold zombie (D:5)
  9 rats
236 creatures vanquished.

Vanquished Creatures (collateral kills)
  A wandering mushroom (D:9)
  A yak (D:9)
  A goliath beetle (D:6)
  An orc priest (D:7)
  2 orcs (D:6)
  A kobold (D:9)
7 creatures vanquished.

Vanquished Creatures (others)
  A necrophage (D:6)
  A killer bee zombie (D:5)
  74 toadstools
76 creatures vanquished.

Grand Total: 319 creatures vanquished

Notes
Turn   | Place    | Note
--------------------------------------------------------------
     0 | D:1      | PolkaDot, the Draconian Transmuter, began the quest for the Orb.
     0 | D:1      | Reached XP level 1. HP: 16/16 MP: 3/3
   268 | D:1      | Reached XP level 2. HP: 16/24 MP: 2/4
   963 | D:2      | Reached XP level 3. HP: 29/29 MP: 6/6
  1019 | D:2      | Reached skill level 4 in Unarmed Combat
  1393 | D:2      | Reached XP level 4. HP: 21/36 MP: 7/7
  1945 | D:3      | Found a burning altar of Makhleb.
  1946 | D:3      | Noticed a balrug
  1951 | D:3      | Found a glowing silver altar of Zin.
  1951 | D:3      | Noticed an angel
  3194 | D:4      | Reached skill level 5 in Unarmed Combat
  3295 | D:4      | Reached XP level 5. HP: 9/44 MP: 7/9
  3501 | D:4      | Found an iron altar of Okawaru.
  3503 | D:4      | Found a blossoming altar of Fedhas.
  3508 | D:4      | Found a shimmering altar of Xom.
  3532 | D:4      | Became a worshipper of Fedhas Madash
  3815 | D:4      | Learned a level 5 spell: Blade Hands
  4021 | D:5      | Entered Level 5 of the Dungeon
  4238 | D:5      | Reached skill level 1 in Invocations
  4248 | D:5      | Found a shimmering altar of Xom.
  4248 | D:5      | Found a shimmering altar of Xom.
  4248 | D:5      | Found a shimmering altar of Xom.
  4248 | D:5      | Found a shimmering altar of Xom.
  4248 | D:5      | Found a shimmering altar of Xom.
  4249 | D:5      | Found a shimmering altar of Xom.
  4250 | D:5      | Found a shimmering altar of Xom.
  4571 | D:5      | Found a snail-covered altar of Cheibriados.
  4584 | D:5      | Reached XP level 6. HP: 36/51 MP: 8/10
  5050 | D:5      | Found a basalt altar of Yredelemnul.
  5412 | D:6      | Found a staircase to the Ecumenical Temple.
  5419 | D:6      | Acquired Fedhas' first power
  5427 | D:6      | Your scales start taking on a glossy black colour.
  5427 | D:6      | Gained mutation: You are resistant to electric shocks. [draconian maturity]
  5427 | D:6      | Reached XP level 7. HP: 54/57 MP: 9/12
  5475 | D:6      | Reached skill level 6 in Unarmed Combat
  5750 | D:6      | Got an ebony cutlass
  5751 | D:6      | Identified the -1 cutlass "Kloi" {holy, Int+2} (You found it on level 6 of the Dungeon)
  6163 | D:6      | Reached skill level 5 in Transmutations
  6759 | D:6      | Acquired Fedhas' second power
  7014 | D:7      | Reached XP level 8. HP: 29/63 MP: 13/13
  7138 | D:7      | Got a crystal hand axe
  7139 | D:7      | Identified the +6 hand axe "Frutagh" {flame, rPois} (You found it on level 7 of the Dungeon)
  7185 | D:7      | Noticed a hill giant
  7196 | D:7      | Killed a hill giant
  7196 | D:7      | Reached skill level 7 in Unarmed Combat
  7388 | D:7      | Reached skill level 5 in Invocations
  7402 | D:7      | Was placed under penance by Fedhas
  8194 | D:7      | Found Edayveto's Antique Armour Boutique.
  8197 | D:7      | Bought a pair of embroidered gloves for 135 gold pieces
  8400 | D:7      | Reached XP level 9. HP: 64/69 MP: 11/17
  8517 | D:8      | Reached skill level 8 in Transmutations
  8557 | D:8      | Noticed Nicoed's ghost (experienced DECj)
  8570 | D:8      | Killed Nicoed's ghost
  9045 | D:8      | Noticed Erolcha
  9063 | D:8      | Killed Erolcha
  9063 | D:8      | Reached skill level 9 in Transmutations
  9065 | D:8      | Was forgiven by Fedhas
  9122 | D:8      | Reached skill level 5 in Fighting
  9160 | D:8      | Noticed Eustachio
  9168 | D:8      | Killed Eustachio
  9197 | D:8      | Reached XP level 10. HP: 31/81 MP: 17/18
  9249 | D:8      | Noticed a gargoyle
  9524 | D:8      | Killed a gargoyle
  9684 | D:8      | Reached skill level 10 in Transmutations
 10086 | D:9      | HP: 3/83 [porcupine's spines (4)]
 10087 | D:9      | Impaled on a porcupine's spines

Action                   |  1- 3 |  4- 6 |  7- 9 | 10-12 || total
-------------------------+-------+-------+-------+-------++-------
Melee: Unarmed           |   126 |   274 |   417 |    72 ||   889
 Cast: Beastly Appendage |    15 |    27 |    17 |       ||    59
       Blade Hands       |       |       |     7 |     4 ||    11
Invok: Evolution         |       |     1 |       |     3 ||     4
 Abil: Breathe Lightning |       |       |     1 |       ||     1
  Use: Scroll            |       |     5 |    11 |     1 ||    17
       Potion            |       |       |    10 |     1 ||    11
 Stab: Confused          |       |       |     2 |       ||     2
  Eat: Chunk             |     2 |     7 |     7 |       ||    16
       Meat ration       |       |     1 |     1 |       ||     2
       Beef jerky        |       |     1 |       |       ||     1
       Bread ration      |       |       |     1 |     1 ||     2
